 Dungeon Crawl Stone Soup version 0.23.1 (webtiles) character file.

Game seed: 15265680420750253510

68 Kniotic the Insei (level 4, 36/36 HPs)
             Began as a Demonspawn Monk on Mar 6, 2019.
             Quit the game on level 2 of the Dungeon.
             The game lasted 00:00:59 (1451 turns).

Kniotic the Insei (Demonspawn Monk)                 Turns: 1451, Time: 00:01:00

Health: 36/36      AC:  3    Str: 11    XL:     4   Next: 1%
Magic:  4/4        EV: 13    Int: 11    God:
Gold:   37         SH:  0    Dex: 17    Spells: 3/3 levels left

rFire    . . .     SeeInvis .     - Unarmed
rCold    . . .     Gourm    .   (no shield)
rNeg     . . .     Faith    .   a - +0 robe
rPois    .         Spirit   .   (no helmet)
rElec    .         Reflect  .   (no cloak)
rCorr    .         Harm     .   (no gloves)
MR       .....                  (no boots)
Stlth    ++........             (no amulet)
HPRegen  0.12/turn              (no ring)
MPRegen  0.09/turn              (no ring)

@: no status effects
A: hooves 1, rugged brown scales 1
a: no special abilities


You were on level 2 of the Dungeon.
You were not hungry.

You visited 1 branch of the dungeon, and saw 2 of its levels.

You collected 37 gold pieces.

Inventory:

Armour
 a - a +0 robe (worn)
Scrolls
 c - a scroll of enchant weapon {unknown}
 d - 3 scrolls of identify {unknown}
 f - a scroll of fear {unknown}
 g - a scroll of teleportation {unknown}
 h - a scroll of blinking {unknown}
 i - a scroll of magic mapping {unknown}
 l - a scroll of enchant armour {unknown}
Potions
 e - 2 potions of curing {unknown}
 j - a potion of heal wounds {unknown}
Comestibles
 b - 4 rations
 k - 10 chunks of flesh


   Skills:
 - Level 3.0 Fighting
 - Level 2.6 Dodging
 - Level 1.7 Stealth
 + Level 4.4 Unarmed Combat


You had 3 spell levels left.
You didn't know any spells.
Your spell library was empty.

Dungeon Overview and Level Annotations

Branches:
Dungeon (2/15)

Altars:
Fedhas
Okawaru
Sif Muna

Annotations:
D:2 Natasha


Innate Abilities, Weirdness & Mutations

You have large cloven feet.
You are partially covered in rugged brown scales. (AC +1, +3% HP)


Message History

The hobgoblin shouts!
The hobgoblin closely misses you.
You hit the hobgoblin.
You kill the hobgoblin!
You have reached level 4!
You feel agile.
Your demonic ancestry asserts itself...
Your feet thicken and deform.
b - 4 rations (gained 1)
You butcher the hobgoblin corpse.
k - 10 chunks of flesh (gained 4)
You see here a hobgoblin skeleton. x2
d - 3 scrolls labeled GOKISI JO LIHO (gained 1)
You open the door.
Found an iron altar of Okawaru and a deep blue altar of Sif Muna.
Found a blossoming altar of Fedhas.
There is an open door here.
There is an open door here.
HP restored.
Natasha is too close now for your liking.
Are you sure you want to abandon this character and quit the game? (Confirm with "yes".)

... #### .. ..# .. ###
.####.# .#####...
.....<# .........
.####.......####........
...................h
(........# #@...#
###?....### ##..####
#.....# ##..###8#
#.....# #..##§≈_#
......# #.##≈≈..#
##.#≈≈...## #..'...._8#
##.... #÷.#≈≈...## ....
#..##§≈..# .....


You could see Natasha (wandering).

Vanquished Creatures
  Jessica (D:2)
  An ooze (D:1)
  A worm (D:2)
  2 dart slugs
  3 giant cockroaches
  4 goblins
  5 hobgoblins
  4 jackals (D:1)
  4 bats (D:1)
  2 frilled lizards
  3 kobolds (D:1)
30 creatures vanquished.

Notes
Turn   | Place    | Note
-------+----------+-------------------------------------------
     0 | D:1      | Kniotic the Demonspawn Monk began the quest for the Orb.
     0 | D:1      | Reached XP level 1. HP: 18/18 MP: 1/1
    57 | D:1      | Reached skill level 3 in Unarmed Combat
   372 | D:1      | Gained mutation: You are partially covered in rugged brown
                  | scales. (AC +1, +3% HP) [demonic ancestry]
   372 | D:1      | Reached XP level 2. HP: 18/24 MP: 2/2
   960 | D:1      | Reached XP level 3. HP: 19/29 MP: 3/3
  1279 | D:2      | Noticed Natasha
  1317 | D:2      | Noticed Jessica
  1322 | D:2      | Killed Jessica
  1322 | D:2      | Reached skill level 4 in Unarmed Combat
  1425 | D:2      | Gained mutation: You have large cloven feet. [demonic
                  | ancestry]
  1425 | D:2      | Reached XP level 4. HP: 33/36 MP: 4/4
  1437 | D:2      | Found an iron altar of Okawaru.
  1437 | D:2      | Found a deep blue altar of Sif Muna.
  1438 | D:2      | Found a blossoming altar of Fedhas.
  1451 | D:2      | Quit the game

Skill      XL: |  1  2  3 |
---------------+----------+-----
Unarmed Combat | 3 4 |  4.4
Fighting       | |  3.0
Dodging        | |  2.6
Stealth        | |  1.7

Action                   |  1- 3 |  4- 6 || total
-------------------------+-------+-------++-------
Melee: Unarmed           |   106 |       ||   106
 Stab: Sleeping          |     4 |       ||     4
  Eat: Chunk             |     2 |       ||     2
Armor: Robe              |    29 |       ||    29
Dodge: Dodged            |    80 |       ||    80
